 Dungeon Crawl Stone Soup version 0.27.1-37-g7b29ead8ac (console) character file.

Game seed: 2675728508628497927

11012 grimtooth the Zephyrmancer (level 11, -14/56 HPs)
             Began as a Deep Elf Air Elementalist on Aug 12, 2023.
             Was a Believer of Vehumet.
             Demolished by a boulder beetle (52 damage)
             ... on level 12 of the Dungeon.
             The game lasted 00:58:37 (15425 turns).

grimtooth the Zephyrmancer (DEAE)                  Turns: 15425, Time: 00:58:37

Health: -14/56     AC:  9    Str:  6    XL:     11   Next: 43%
Magic:  8/22       EV: 14    Int: 23    God:    Vehumet [**....]
Gold:   538        SH:  0    Dex: 15    Spells: 6/22 levels left

rFire    . . .     SeeInvis .   t - +1 dagger (venom)
rCold    + . .     Faith    .   (no shield)
rNeg     . . .     Spirit   .   P - +1 leather armour {rC+}
rPois    +         Reflect  .   F - +2 helmet
rElec    .         Harm     .   b - +0 cloak
rCorr    .         Rampage  .   (no gloves)
Will     +....                  N - +0 pair of boots
Stlth    +++.......             (no amulet)
HPRegen  0.18/turn              M - ring of poison resistance
MPRegen  0.18/turn              J - ring of flight

@: flying
A: no striking features
a: Renounce Religion


You were on level 12 of the Dungeon.
You worshipped Vehumet.
Vehumet was pleased with you.
You visited 2 branches of the dungeon, and saw 13 of its levels.

You collected 640 gold pieces.
You spent 102 gold pieces at shops.

Inventory:

Hand Weapons
 t - a +1 dagger of venom (weapon)
 A - a +2 dagger of distortion
 O - a +2 dagger of freezing
Missiles
 c - 90 stones
 l - 153 sling bullets
 n - 10 boomerangs
 s - 57 poisoned darts (quivered)
Armour
 a - a +0 robe
 b - a +0 cloak (worn)
 r - a +1 ring mail of poison resistance
 F - a +2 helmet (worn)
 N - a +0 pair of boots (worn)
 P - a +1 leather armour of cold resistance (worn)
Jewellery
 D - a ring of resist corrosion
 J - a ring of flight (right hand)
 M - a ring of poison resistance (left hand)
Wands
 h - a wand of flame (37)
 o - a wand of paralysis (6)
 u - a wand of iceblast (8)
Scrolls
 f - a scroll of silence {unknown}
 i - 5 scrolls of enchant weapon {unknown}
 k - a scroll of immolation {unknown}
 m - a scroll of teleportation
 q - a scroll of fear
 v - a scroll of amnesia
 w - a scroll of enchant armour
 x - 2 scrolls of noise {unknown}
 y - 2 scrolls of vulnerability {unknown}
 C - 4 scrolls of magic mapping {unknown}
 E - 2 scrolls of blinking {unknown}
 Q - a scroll of fog {unknown}
Potions
 d - 3 potions of berserk rage
 e - 2 potions of curing
 g - 2 potions of haste
 j - a potion of invisibility
 p - 2 potions of flight {unknown}
 z - a potion of cancellation
 B - 3 potions of mutation
 G - 2 potions of might
 H - 2 potions of lignification {unknown}
 K - a potion of heal wounds
 L - a potion of degeneration {unknown}


   Skills:
 - Level 1.1 Fighting
 + Level 3.5 Armour
 - Level 6.0 Dodging
 - Level 6.0 Stealth
 - Level 6.0 Spellcasting
 + Level 10.2 Conjurations
 - Level 6.0 Translocations
 - Level 12.0 Air Magic


You had 6 spell levels left.
You knew the following spells:

 Your Spells              Type           Power      Damage    Failure   Level
a - Shock                 Conj/Air       100%       1d9       1%          1
b - Searing Ray           Conj           100%       3d7       1%          2
c - Static Discharge      Conj/Air       55%        N/A       1%          2
d - Iskenderun's Mystic   Conj/Tloc      44%        2d10      4%          4
i - Airstrike             Air            29%        N/A       1%          4
s - Swiftness             Air            58%        N/A       1%          3

Your spell library contained the following spells:

 Spells                   Type           Power      Damage    Failure   Level
 Poisonous Vapours        Pois/Air       68%        N/A       1%          2
 Magic Dart               Conj           100%       1d8       1%          1
 Dazzling Flash           Conj/Hex       60%        N/A       4%          3
 Fulminant Prism          Conj/Hex       15%        3d11      16%         4
 Ozocubu's Armour         Ice            6%         N/A       36%         3
 Starburst                Conj/Fire      15%        6d6       94%         6
 Alistair's Intoxication  Tmut/Pois      4%         N/A       98%         5
 Borgnjor's Vile Clutch   Necr/Erth      3%         N/A       98%         5
 Lee's Rapid Deconstruct  Erth           3%         3d6*      98%         5
 Eringya's Noxious Bog    Tmut/Pois      3%         N/A       100%        6
 Ozocubu's Refrigeration  Ice            3%         4d5       100%        7


Dungeon Overview and Level Annotations

Branches:
Dungeon (12/15)            Temple (1/1) D:7            Lair (0/6) D:11
    Orc: D:9-12

Altars:
Cheibriados
Elyvilon
Fedhas
Hepliaklqana
Kikubaaqudgha
Makhleb
Ru
Sif Muna
Uskayaw
Vehumet
Wu Jian
Xom
Yredelemnul
The Shining One

Shops:
D:6 *   D:7 [   D:8 *!=

Annotations:
D:9 3 runed translucent doors, tkbsonic5's ghost, novice SpVM


Message History

The cyclops is severely wounded. (Press . to maintain the ray.)
The searing ray hits the cyclops!
The cyclops is almost dead.
The cyclops throws a large rock.
The large rock hits you!!
The searing ray hits the cyclops!
You kill the cyclops!
Vehumet accepts your kill.
You feel your power returning.
You hear the stately tolling of a bell nearby.
You see here 5 large rocks.
Your magical contamination has completely faded away.
Aiming: Paralyse
Press: ? - help, Shift-Dir - straight line, f - boulder beetle
Aim: a boulder beetle (chance to affect: 28%)
The boulder beetle easily resists.
The boulder beetle curls into a ball and begins rolling!
An orc comes into view. It is wielding a +0 falchion.
Aiming: Paralyse
Press: ? - help, Shift-Dir - straight line, f/p - boulder beetle
Aim: a boulder beetle (rolling, chance to affect: 28%)
Okay, then.
Okay, then.
Casting: Searing Ray (safe; 1% risk of failure)
Confirm with . or Enter, or press ? or * to list all spells.
Aiming: Searing Ray (safe; 1% risk of failure)
Press: ? - help, Shift-Dir - straight line, f/p - boulder beetle
Aim: a boulder beetle (rolling, 100% to hit)
The searing ray hits the boulder beetle.
The boulder beetle is lightly wounded. (Press . to maintain the ray.)
Casting: Searing Ray (safe; 1% risk of failure)
Confirm with . or Enter, or press ? or * to list all spells.
You erupt in a blast of force!
The mystic blast hits the boulder beetle but does no damage.
The boulder beetle is lightly wounded.
You hear a horrible gurgling sound!
You hear a shout!
The boulder beetle hits you!!!
Ouch! That really hurt!
You die...

#......#...# #..)...#)..#
#......#...# #......#...#
#......#...# ############...#
#......#.......#
#......#....(..# #.
#......#.......#
##...#......#...[...#
....°°○B@....#.......#
.............#..(....#
..............#....#.###.#####
.>............#....#...#.....#
.y............#....#...#.....#
..y...........#....#...#.....#
.y..........o.#....#...#.....#
..............#....#.........#
..............######...#######
.y<..........................
.............C...............


You could see a boulder beetle (rolling).

Vanquished Creatures
  5 two-headed ogres
  A cyclops (D:12)
  An unseen horror (D:12)
  A troll (D:10)
  2 wraiths (D:12)
  A shadow (D:11)
  3 wyverns (D:11)
  A steam dragon (D:8)
  8 yaks
  6 water moccasins
  4 black bears
  A hornet zombie (D:8)
  4 orc warriors
  A sky beast (D:7)
  A necrophage (D:7)
  A centaur (D:10)
  2 ogres
  4 wolves (D:11)
  3 kobold brigands
  4 bullfrogs
  A wyvern zombie (D:8)
  A gnoll sergeant (D:8)
  4 scorpions
  4 water moccasin skeletons
  A wyvern skeleton (D:7)
  2 electric eels (D:10)
  3 howler monkeys (D:10)
  4 centaur zombies
  A bullfrog zombie (D:6)
  2 orc priests
  3 centaur skeletons
  A hound (D:6)
  An iron imp (D:5)
  A bullfrog skeleton (D:6)
  4 iguanas
  7 orc wizards
  A howler monkey zombie (D:9)
  Robin (D:2)
  9 gnolls
  6 adders
  A river rat (D:5)
  A white imp (D:5)
  6 ufetubi
  A worm (D:4)
  4 dart slugs
  25 orcs
  4 bats
  7 endoplasms
  3 giant cockroaches
  7 hobgoblins
  7 jackals
  21 kobolds
  8 quokkas
  4 ball pythons
  2 frilled lizards
  17 goblins
  7 rats
236 creatures vanquished.

Vanquished Creatures (others)
  8 fungi
  10 plants (D:11)
18 creatures vanquished.

Grand Total: 254 creatures vanquished

Notes
Turn   | Place    | Note
-------+----------+-------------------------------------------
     0 | D:1      | grimtooth the Deep Elf Air Elementalist began the quest for
                  | the Orb.
     0 | D:1      | Reached XP level 1. HP: 10/10 MP: 6/6
   364 | D:1      | Reached XP level 2. HP: 15/15 MP: 5/8
  1123 | D:2      | Noticed Robin
  1140 | D:2      | Killed Robin
  1141 | D:2      | Reached XP level 3. HP: 17/19 MP: 2/9
  2135 | D:2      | Reached skill level 4 in Air Magic
  2208 | D:2      | Reached XP level 4. HP: 24/24 MP: 5/10
  2284 | D:2      | Found a faded altar of an unknown god.
  3585 | D:3      | Reached XP level 5. HP: 20/28 MP: 7/11
  4020 | D:4      | Learned a level 2 spell: Static Discharge
  4024 | D:4      | Learned a level 3 spell: Swiftness
  4315 | D:4      | Reached skill level 5 in Air Magic
  4589 | D:4      | Reached XP level 6. HP: 32/32 MP: 8/12
  5330 | D:5      | Entered Level 5 of the Dungeon
  5515 | D:4      | Reached skill level 5 in Conjurations
  5586 | D:5      | You fall into a shaft and drop 3 floors!
  5587 | D:8      | - dammit
  5864 | D:7      | Found Cheibriados's Comfort Zone.
  5864 | D:7      | Found a snail-covered altar of Cheibriados.
  5870 | D:7      | Reached skill level 6 in Air Magic
  5870 | D:7      | Reached XP level 7. HP: 36/36 MP: 7/13
  6038 | D:5      | Learned a level 4 spell: Airstrike
  6533 | D:5      | Found a snail-covered altar of Cheibriados.
  7306 | D:6      | Reached skill level 7 in Air Magic
  7306 | D:6      | Reached XP level 8. HP: 41/41 MP: 10/17
  7458 | D:6      | Reached skill level 5 in Spellcasting
  7677 | D:6      | Reached skill level 5 in Stealth
  8188 | D:6      | Found Zitt's Serpentskin Sales.
  8459 | D:7      | Reached skill level 8 in Air Magic
  8546 | D:7      | Found a staircase to the Ecumenical Temple.
  8556 | Temple   | Entered the Ecumenical Temple
  8618 | Temple   | Became a worshipper of Vehumet
  8947 | D:7      | Learned a level 2 spell: Searing Ray
  9322 | D:8      | Found Weluser's General Store.
  9326 | D:8      | Bought a scroll of identify for 26 gold pieces
  9326 | D:8      | Bought a scroll of identify for 26 gold pieces
  9338 | D:8      | Reached skill level 9 in Air Magic
  9385 | D:8      | Reached XP level 9. HP: 45/45 MP: 2/20
  9681 | D:8      | Reached * piety under Vehumet
  9681 | D:8      | Offered knowledge of Freeze by Vehumet.
 10607 | D:8      | Found Vici's Distillery.
 10614 | D:8      | Found Emnemeg's Jewellery Shoppe.
 10623 | D:8      | Bought a potion of heal wounds for 50 gold pieces
 10828 | D:9      | Noticed a two-headed ogre
 10831 | D:9      | Reached skill level 5 in Dodging
 10921 | D:9      | Found a runed translucent gate.
 10922 | D:9      | Found a runed translucent gate.
 10922 | D:9      | Noticed tkbsonic5's ghost (novice SpVM)
 10923 | D:9      | Noticed a kobold demonologist
 10923 | D:9      | Found a runed translucent gate.
 10924 | D:9      | Noticed a kobold demonologist
 11146 | D:9      | Killed a two-headed ogre
 11147 | D:9      | Reached skill level 1 in Fighting
 11152 | D:9      | Learned a level 4 spell: Iskenderun's Mystic Blast
 11444 | D:9      | Reached skill level 1 in Translocations
 11899 | D:9      | Reached XP level 10. HP: 52/52 MP: 11/21
 12441 | D:6      | Reached skill level 10 in Air Magic
 12527 | D:10     | Entered Level 10 of the Dungeon
 13127 | D:10     | Offered knowledge of Poisonous Vapours by Vehumet.
 13229 | D:10     | Noticed a two-headed ogre
 13253 | D:10     | Noticed a two-headed ogre
 13258 | D:10     | Killed a two-headed ogre
 13259 | D:10     | Reached skill level 11 in Air Magic
 13348 | D:10     | Killed a two-headed ogre
 13348 | D:10     | Reached ** piety under Vehumet
 13349 | D:10     | Reached skill level 5 in Translocations
 14011 | D:11     | Noticed a two-headed ogre
 14210 | D:11     | Noticed a two-headed ogre
 14242 | D:11     | Killed a two-headed ogre
 14243 | D:11     | Reached XP level 11. HP: 56/56 MP: 10/22
 14414 | D:11     | Reached skill level 12 in Air Magic
 14494 | D:11     | Reached skill level 1 in Armour
 14613 | D:11     | Found a staircase to the Lair.
 14977 | D:11     | Killed a two-headed ogre
 15168 | D:12     | Reached skill level 10 in Conjurations
 15212 | D:12     | Noticed a boulder beetle
 15425 | D:12     | Demolished by a boulder beetle

Illustrated notes

...# .#
##...##..
#.......#
#.......
#.....#
#.....#
#.....#
#@....#
#....$#
#.....#
#######


Turn 5587 on D:8: - dammit

Levels and vault maps discovered:
D:1:      dpeg_arrival_renting, layout_loops_ring, corexii_leaking_fountain,
          minmay_tetromino_l2
D:2:      layout_basic, dreamdust_ecumenical_altar_hidden_monk_grotto,
          minivault_4, uniq_robin
D:3:      layout_loops_ring, minmay_fractal_squares_5
D:4:      layout_loops_cross
D:5:      layout_basic, slow_altar_1, gup_sewer_entry_spiral
D:6:      layout_rooms, guppyfry_shop_venom
D:7:      layout_cave_pods, minmay_temple_entry_overgrown, minmay_shop_chei
D:8:      layout_basic, serial_shops, shop_fountains, nicolae_shop_statue_plus,
          nicolae_shop_waterfront, minmay_chambers_of_fives
D:9:      layout_stronghold, gammafunk_ghost_nasty_kobolds
D:10:     layout_loops_ring, nicolae_benzene_ring, water_boxes_lemuel
D:11:     layout_roguey, minmay_lair_entry_grove
D:12:     layout_grid_maze, hiddenorc2_lemuel, serial_shops, bzr_in_the_mist
Temple:   regret_index_temple_sigil_plot

Skill      XL: |  1  2  3  4  5  6  7  8  9 10 11 |
---------------+----------------------------------+-----
Conjurations   | 2 3 4 5 6 9 10 | 10.2
Air Magic      | 4 5 6 7 9 11 12 | 12.0
Stealth        | 4 6 |  6.0
Spellcasting   | 4 6 |  6.0
Dodging        | 3 6 |  6.0
Fighting       | 1 |  1.1
Translocations | 1 5 6 |  6.0
Armour         | 3 |  3.5

Action                   |  1- 3 |  4- 6 |  7- 9 | 10-12 || total
-------------------------+-------+-------+-------+-------++-------
Melee: Dagger            |       |       |    25 |    19 ||    44
Throw: Dart              |       |       |     7 |     7 ||    14
 Cast: Shock             |    88 |   144 |   108 |    10 ||   350
       Static Discharge  |       |     2 |    26 |       ||    28
       Airstrike         |       |       |    36 |    20 ||    56
       Searing Ray       |       |       |    18 |    42 ||    60
       Swiftness         |       |       |     1 |     3 ||     4
       Iskenderun's Myst |       |       |       |    17 ||    17
Evoke: Wand              |       |       |       |     1 ||     1
  Use: Scroll            |       |     3 |     3 |     8 ||    14
       Potion            |       |       |       |     4 ||     4
 Stab: Sleeping          |       |       |     1 |       ||     1
Armor: Robe              |     2 |     7 |    30 |     1 ||    40
       Leather armour    |       |       |       |    10 ||    10
       Ring mail         |       |       |       |     3 ||     3
Dodge: Dodged            |     8 |    30 |    58 |    27 ||   123
